 Dungeon Crawl Stone Soup version 0.27.1-34-g3ba077fa99 (webtiles) character file.

Game seed: 4191672545370142829

18 zeram the Sneak (level 2, -1/17 HPs)
             Began as an Octopode Enchanter on Jan 19, 2022.
             Slain by a jackal (3 damage)
             ... on level 1 of the Dungeon.
             The game lasted 00:00:44 (480 turns).

zeram the Sneak (Octopode Enchanter)                 Turns: 480, Time: 00:00:44

Health: -1/17      AC:  1    Str:  7    XL:     2   Next: 66%
Magic:  14/14      EV: 13    Int: 17    God:
Gold:   6          SH:  0    Dex: 12    Spells: 4/5 levels left

rFire    . . .     SeeInvis .   a - +1 dagger
rCold    . . .     Faith    .   (no shield)
rNeg     . . .     Spirit   .   (helmet restricted)
rPois    .         Reflect  .   (no amulet)
rElec    .         Harm     .   f - ring of magical power
rCorr    .         Rampage  .   (no ring)
Will     .....                  (no ring)
Stlth    +++.......             (no ring)
HPRegen  0.05/turn              (no ring)
MPRegen  0.14/turn              (no ring)
                                (no ring)
                                (no ring)

@: no status effects
A: almost no armour, amphibious, 8 rings, camouflage 1, gelatinous body 1,
(nimble swimmer 1), tentacles
a: no special abilities


You were on level 1 of the Dungeon.
You visited 1 branch of the dungeon, and saw 1 of its levels.

You collected 6 gold pieces.

Inventory:

Hand Weapons
 a - a +1 dagger (weapon)
Jewellery
 f - a ring of magical power (left tentacle)
Scrolls
 c - a scroll of enchant armour {unknown}
 d - a scroll of immolation {unknown}
 e - a scroll of blinking {unknown}
Potions
 b - a potion of lignification {unknown}


   Skills:
 + Level 1.0 Short Blades
 + Level 2.1 Dodging
 - Level 4.0 Stealth
 + Level 2.0 Spellcasting
 + Level 3.7 Hexes


You had 4 spell levels left.
You knew the following spells:

 Your Spells              Type           Power      Damage    Failure   Level
a - Corona                Hex            15%        N/A       4%          1

Your spell library contained the following spells:

 Spells                   Type           Power      Damage    Failure   Level
 Confusing Touch          Hex            14%        N/A       12%         3
 Tukima's Dance           Hex            14%        N/A       12%         3
 Ensorcelled Hibernation  Hex/Ice        16%        N/A       14%         2
 Dazzling Flash           Conj/Hex       16%        N/A       26%         3


Dungeon Overview and Level Annotations

Branches:
Dungeon (1/15)

Altars:


Innate Abilities, Weirdness & Mutations

You cannot wear most types of armour.
You are amphibious.
You can wear up to eight rings at the same time.
Your skin changes colour to match your surroundings (Stealth+).
Your rubbery body absorbs attacks. (AC +1, EV +1)
((You are camouflaged near water. (Stealth+)))
You have tentacles for arms and can constrict up to eight enemies at once.


Message History

Found 23 arrows and 6 gold pieces.
An endoplasm is nearby!
An endoplasm is nearby!
The helpless endoplasm fails to defend itself.
You puncture the endoplasm!
You kill the endoplasm!
No target in view!
You feel your magic capacity increase.
f - a ring of magical power (left tentacle) Magic restored.
You now have 6 gold pieces.
A frilled lizard is nearby!
A frilled lizard is nearby!
A frilled lizard is nearby!
A frilled lizard is nearby!
Found 9 gold pieces.
Found a stone staircase leading down.
A jackal comes into view.
The jackal barks!
A jackal comes into view.
The jackal barely misses you.
You closely miss the jackal.
The jackal barks!
The frilled lizard hisses angrily.
Your grab misses the jackal. The jackal bites you.
You barely miss the jackal. You grab the jackal.
You constrict the jackal, but do no damage.
The jackal bites you. The frilled lizard bites you.
You barely miss the jackal. Your grab misses the jackal.
You constrict the jackal, but do no damage.
The jackal closely misses you. x2; The frilled lizard bites you.
You hit the jackal. You grab the jackal. You squeeze the jackal.
You kill the jackal!
You constrict the jackal, but do no damage.
The jackal bites you. The frilled lizard bites you.
* * * LOW HITPOINT WARNING * * *
The jackal bites you.
* * * LOW HITPOINT WARNING * * *
You release your grip on the jackal.
A frilled lizard comes into view.
The jackal bites you.
You die...

..............##.#
#..#####.#.#...#.###
......###.##.......#
##..#......#...#.#(#
##....#####.#.##.# #
##.#### #.#.##.#.#
...# #.#.##.#.#
######
####.......l#####
......
..######.@.......
##### #.# ##h##.#.###
# #.# #$l.# # ######
#.# ##...#
.....###.###...†...#
####...............#
#######...#........#
...............>###.#
#######...###...# #.#


You could see a jackal and 2 frilled lizards.

Vanquished Creatures
  A dart slug (D:1)
  4 endoplasms (D:1)
  A giant cockroach (D:1)
  A hobgoblin (D:1)
  A jackal (D:1)
  2 ball pythons (D:1)
  3 bats (D:1)
  A frilled lizard (D:1)
  A rat (D:1)
15 creatures vanquished.

Notes
Turn   | Place    | Note
-------+----------+-------------------------------------------
     0 | D:1      | zeram the Octopode Enchanter began the quest for the Orb.
     0 | D:1      | Reached XP level 1. HP: 11/11 MP: 3/3
   177 | D:1      | Reached XP level 2. HP: 17/17 MP: 5/5
   188 | D:1      | Found a faded altar of an unknown god.
   480 | D:1      | Slain by a jackal

Illustrated notes

Levels and vault maps discovered:
D:1:      tarquinn_simple_flora_water_a, layout_loops_ring,
          shapermc_ecumenical_altar_petra, chequers_serial_rivers_room_b

Action                   || total
-------------------------++-------
Melee: Dagger            ||    33
       Tentacles         ||     4
       Constrict         ||     5
 Stab: Sleeping          ||     8
Armor: Skin              ||     3
Dodge: Dodged            ||    19
